 Dungeon Crawl Stone Soup version 0.21-a0-630-g344d351 (webtiles) character file.

158 Lanoc the Chopper (level 5, -3/47 HPs)
             Began as a Minotaur Monk on Dec 25, 2017.
             Slain by a slave (8 damage)
             ... led by Pikel
             ... on level 4 of the Dungeon.
             The game lasted 00:06:17 (2577 turns).

Lanoc the Chopper (Minotaur Monk)                   Turns: 2577, Time: 00:06:18

Health: -3/47      AC:  3    Str: 15    XL:     5   Next: 16%
Magic:  4/4        EV: 14    Int:  7    God:
Gold:   178        SH:  0    Dex: 14    Spells: 4/4 levels left

rFire    . . .     SeeInvis .   i - +0 war axe
rCold    . . .     Gourm    .   (no shield)
rNeg     . . .     Faith    .   b - +1 robe
rPois    +         Spirit   .   (helmet restricted)
rElec    .         Reflect  .   (no cloak)
rCorr    .         Harm     .   (no gloves)
MR       .....                  (no boots)
Stlth    ++........             (no amulet)
HPRegen  0.15/turn              a - ring of poison resistance
MPRegen  0.09/turn              (no ring)

@: no status effects
A: retaliatory headbutt, horns 2
a: no special abilities


You were on level 4 of the Dungeon.
You were not hungry.

You visited 1 branch of the dungeon, and saw 4 of its levels.

You collected 178 gold pieces.

Inventory:

Hand Weapons
 i - a +0 war axe (weapon)
Missiles
 o - 21 sling bullets
Armour
 b - a +1 robe (worn)
Jewellery
 a - a ring of poison resistance (left hand)
Wands
 q - a wand of flame (23)
Scrolls
 d - 2 scrolls of remove curse
 g - 5 scrolls of identify
 h - 2 scrolls of noise
 t - a scroll of amnesia {unknown}
 v - a scroll of enchant weapon {unknown}
Potions
 e - 2 potions of mutation
 f - 2 potions of heal wounds {unknown}
 k - a potion of agility {unknown}
 l - a potion of lignification {unknown}
 m - a potion of curing {unknown}
 u - a potion of ambrosia {unknown}
Books
 p - a book of Cantrips

   Spells                             Type                      Level
   a - Confusing Touch                Hexes                        1
   b - Animate Skeleton               Necromancy                   1
   c - Summon Small Mammal            Summoning                    1
   d - Apportation                    Translocation                1
Comestibles
 c - 7 rations


   Skills:
 + Level 4.5 Fighting
 * Level 5.3 Axes
 + Level 2.3 Armour
 + Level 4.1 Dodging
 - Level 1.5 Stealth


You had 4 spell levels left.
You didn't know any spells.

Dungeon Overview and Level Annotations

Branches:
Dungeon (4/15)
 Temple: D:4-7

Altars:
Hepliaklqana
Kikubaaqudgha
Uskayaw
Vehumet
Wu Jian
Zin
The Shining One


Innate Abilities, Weirdness & Mutations

You reflexively headbutt those who attack you in melee.
You have a pair of horns on your head.


Message History

You hear the slow hiss of a very distant avalanche of sand.
The giant cockroach misses you.
You closely miss the giant cockroach. The giant cockroach closely misses you.
The giant cockroach bites you but does no damage.
You barely miss the giant cockroach. You headbutt the giant cockroach.
The giant cockroach is almost dead.
The giant cockroach barely misses you.
You hit the giant cockroach.
You kill the giant cockroach!
You closely miss the slave.
The slave is heavily wounded.
The slave hits you!
* * * LOW HITPOINT WARNING * * *
You hit the slave.
The slave is severely wounded.
The slave closely misses you.
You closely miss the slave.
The slave is severely wounded.
The slave hits you!
You die...

#####* .....#* #####
......#############...#
..>....[.......p@...#.#
.....8.############...#
.....†..s>?...,,,*##.##
.8.8....######**,* #.#
.......## *,* #.#
.....8.# *,* #<#
..<....#********,* #.#*
....$.#.,,,,,,,,,* #..*
.....#*#********** ##[#


You could see a slave.

Vanquished Creatures
  3 slaves (D:4)
  The ghost of Lanoc the Magician, a weakling DrWz of Yredelemnul (D:3)
  6 adders
  A worm (D:2)
  2 dart slugs
  4 leopard geckos
  5 orcs (D:3)
  A ball python (D:3)
  A giant cockroach (D:4)
  3 goblins
  8 hobgoblins
  6 kobolds
  6 bats
  4 frilled lizards (D:1)
  4 rats
55 creatures vanquished.

Notes
Turn   | Place    | Note
-------+----------+-------------------------------------------
     0 | D:1      | Lanoc the Minotaur Monk began the quest for the Orb.
     0 | D:1      | Reached XP level 1. HP: 19/19 MP: 0/0
   403 | D:1      | Reached XP level 2. HP: 22/27 MP: 1/1
   468 | D:1      | Reached skill level 4 in Axes
   554 | D:1      | Reached skill level 1 in Armour
  1109 | D:2      | Reached XP level 3. HP: 25/33 MP: 2/2
  1286 | D:2      | Found a glowing silver altar of Zin.
  1288 | D:2      | Found a glowing golden altar of the Shining One.
  1300 | D:2      | Reached XP level 4. HP: 17/40 MP: 3/3
  1575 | D:2      | Found a hazy altar of Hepliaklqana.
  1575 | D:2      | Found an ancient bone altar of Kikubaaqudgha.
  2132 | D:3      | Noticed Lanoc's ghost (weakling DrWz)
  2137 | D:3      | Killed Lanoc's ghost
  2137 | D:3      | Reached skill level 5 in Axes
  2154 | D:3      | Found a radiant altar of Vehumet.
  2247 | D:3      | Reached XP level 5. HP: 39/47 MP: 4/4
  2296 | D:3      | Found a hide-covered altar of Uskayaw.
  2325 | D:3      | Found an ornate altar of the Wu Jian Council.
  2545 | D:4      | Noticed a slave
  2545 | D:4      | Noticed a slave
  2545 | D:4      | Noticed a slave
  2545 | D:4      | Noticed a slave
  2556 | D:4      | Killed a slave
  2567 | D:4      | Killed a slave
  2569 | D:4      | Killed a slave
  2577 | D:4      | Slain by a slave

Vault maps used:
D:1:      lemuel_arrival_muddy
D:2:      nicolae_overflow_hidden_temple
D:3:      overflow_temple_1_default, lemuel_crystal_altar, marbit_many_paths,
          first_ration
D:4:      makhleb_heckhound_becter, nicolae_ossuary_entry_monument,
          grunt_ministairs_10, hangedman_decor_riveting, uniq_pikel, uniq_edmund

Skill      XL: |  1  2  3  4 |
---------------+-------------+-----
Axes           | 4 5 |  5.3
Armour         | 1 2 |  2.3
Fighting       | 4 |  4.5
Dodging        | 4 |  4.1
Stealth        | |  1.5

Action                   |  1- 3 |  4- 6 || total
-------------------------+-------+-------++-------
Melee: Hand axe          |    67 |     5 ||    72
       Headbutt          |    13 |    10 ||    23
       War axe           |       |    55 ||    55
  Use: Scroll            |       |     6 ||     6
 Stab: Sleeping          |     6 |     3 ||     9
  Eat: Chunk             |     1 |     4 ||     5
Armor: Robe              |     6 |     7 ||    13
Dodge: Dodged            |    36 |    57 ||    93

Table legend:
 A = Spawn XP
 B = Non-spawn XP
 C = Spawn XP percentage of total XP
 D = Spawn monster count
 E = Non-spawn monster count
 F = Spawn count percentage of total count
 G = Total turns spent on level
                    A         B        C        D         E        F      G
               +---------+---------+-------+---------+---------+-------+---------
         Total |       0 |     227 |   0.0 |       0 |      52 |   0.0 |  2577
               +---------+---------+-------+---------+---------+-------+---------
           D:1 |       0 |      27 |   0.0 |       0 |      16 |   0.0 |  1039
           D:2 |       0 |      95 |   0.0 |       0 |      18 |   0.0 |  1074
           D:3 |       0 |      90 |   0.0 |       0 |      16 |   0.0 |   412
           D:4 |       0 |      15 |   0.0 |       0 |       2 |   0.0 |    52
               +---------+---------+-------+---------+---------+-------+---------
